 Dungeon Crawl Stone Soup version 0.28-a0-425-gd0eccab798 (webtiles) character file.

Game seed: 16829682626747965424

653 Jawa73 the Chopper (level 7, 0/48 HPs)
             Began as an Octopode Fighter on Sept 9, 2021.
             Slain by Prince Ribbit (17 damage)
             ... on level 5 of the Dungeon.
             The game lasted 00:09:21 (3812 turns).

Jawa73 the Chopper (Octopode Fighter)               Turns: 3812, Time: 00:09:21

Health: 0/48       AC:  5    Str: 21    XL:     7   Next: 54%
Magic:  7/7        EV: 14    Int: 10    God:
Gold:   216        SH:  6    Dex: 12    Spells: 6/6 levels left

rFire   . . .      SeeInvis +   a - +1 war axe
rCold   . . .      Faith    .   b - +1 buckler
rNeg    . . .      Spirit   .   (helmet restricted)
rPois   .          Reflect  .   (no amulet)
rElec   .          Harm     .   e - ring of see invisible
rCorr   .          Rampage  .   f - ring of Divine Compulsion {AC+4 Str+4}
Will    .....                   (no ring)
Stlth   +++.......              (no ring)
HPRegen 0.16/turn               (no ring)
MPRegen 0.10/turn               (no ring)
                                (no ring)
                                (no ring)

@: studying Stealth
A: almost no armour, amphibious, 8 rings, camouflage 1, gelatinous body 1,
(nimble swimmer 1), tentacles
a: no special abilities


You were on level 5 of the Dungeon.
You visited 1 branch of the dungeon, and saw 5 of its levels.

You collected 216 gold pieces.

Inventory:

Hand Weapons
 a - a +1 war axe (weapon)
Armour
 b - a +1 buckler (worn)
Jewellery
 e - a ring of see invisible (left tentacle)
 f - the ring of Divine Compulsion (right tentacle) {AC+4 Str+4}
   (You acquired it on level 1 of the Dungeon)

   [ring of protection]

   AC:        It affects your AC (+4).
   Str:       It affects your strength (+4).
 m - an amulet of faith
Scrolls
 h - a scroll of silence
 n - a scroll of fear
Potions
 c - 2 potions of might
 d - a potion of brilliance
 g - a potion of magic
 i - a potion of lignification
 j - a potion of degeneration
 k - a potion of curing {unknown}
 l - a potion of haste {unknown}


   Skills:
 * Level 4.2 Fighting
 * Level 5.6 Axes
 * Level 4.3 Dodging
 + Level 2.8 Stealth
 * Level 4.3 Shields


You had 6 spell levels left.
You didn't know any spells.
Your spell library contained the following spells:

 Spells                   Type           Power      Damage    Failure   Level
 Magic Dart               Conj           0%         1d3       36%         1
 Scorch                   Fire           0%         2d5       50%         2
 Searing Ray              Conj           0%         2d4       50%         2
 Flame Wave               Conj/Fire      0%         3d3       98%         4
 Fulminant Prism          Conj/Hex       0%         3d6       98%         4
 Summon Cactus Giant      Summ           0%         N/A       100%        6


Dungeon Overview and Level Annotations

Branches:
Dungeon (5/15)
 Temple: D:4-7

Altars:
Fedhas

Annotations:
D:4 3 runed translucent doors, KARABOGA's ghost, amateur TrMo
D:5 Prince Ribbit


Innate Abilities, Weirdness & Mutations

You cannot wear most types of armour.
You are amphibious.
You can wear up to eight rings at the same time.
Your skin changes colour to match your surroundings (Stealth+).
Your rubbery body absorbs attacks. (AC +1, EV +1)
((You are camouflaged near water. (Stealth+)))
You have tentacles for arms and can constrict up to eight enemies at once.


Message History

Found 13 gold pieces and a fuming blue potion.
The sky beast flickers out of sight for a moment.
Prince Ribbit gives a loud, deep croak!
You slash the dart slug!
You kill the dart slug!
You closely miss the phantom. The phantom closely misses you.
Prince Ribbit closely misses you.
The orc wizard hits you but does no damage.
Unknown command.
You hit the orc wizard. You grab the orc wizard.
The orc wizard is moderately wounded.
You hit the worm. You closely miss the orc. You barely miss the orc.
You hit the phantom. You hit Prince Ribbit. You constrict the orc wizard.
You block Prince Ribbit's attack. The phantom barely misses you.
The orc wizard barely misses you. Prince Ribbit hits you.
The orc barely misses you.
You slash the orc wizard!
You kill the orc wizard!
You slash the worm! You slash the orc!
You kill the orc!
You slash the orc!
You kill the orc!
You closely miss the phantom. You slash Prince Ribbit!
Prince Ribbit blinks!
The phantom hits you! The worm bites you. The sky beast closely misses you.
You closely miss the sky beast. Your squeeze misses the sky beast.
You hit the phantom. You barely miss the orc. You closely miss the orc.
You hit the worm. The phantom hits you. The orc hits you with a +0 falchion.
The orc completely misses you.
Prince Ribbit says, "You're just another fly to me."
Prince Ribbit blinks!
The worm closely misses you.
The sky beast hits you but does no damage.
The orc misses you. The phantom hits you.
The phantom blinks!
You blink.
Prince Ribbit blinks!
Prince Ribbit hops awkwardly around.
Prince Ribbit winks and puckers his lips.
Prince Ribbit misses you. Prince Ribbit hits you.
A sky beast comes into view.
Prince Ribbit hits you!
You die...

##.............
#..............
##.......w......
##.......###...##
##.......## #.....
##...oo..## #....#
#### ##.....Y..#
..####
##..###...W....##
..##
#........@F...##
##............##
#...............#
##..<.........####
#(.........#..#
#.........##..#
#....[...###..#
#.........# Y.#
##........#


You could see Prince Ribbit, a phantom, 2 sky beasts and 2 orcs.

Vanquished Creatures
  An ogre (D:4)
  Blork the orc (D:4)
  3 scorpions
  A water moccasin skeleton (D:5)
  An orc priest (D:3)
  An orc wizard (D:5)
  A killer bee zombie (D:5)
  Robin (D:3)
  6 adders
  An adder skeleton (D:4)
  5 worms
  3 dart slugs
  8 orcs
  5 ball pythons
  10 endoplasms
  2 giant cockroaches
  14 goblins
  9 hobgoblins
  10 jackals
  5 quokkas
  9 bats
  3 frilled lizards (D:3)
  5 kobolds
  7 rats
112 creatures vanquished.

Notes
Turn   | Place    | Note
-------+----------+-------------------------------------------
     0 | D:1      | Jawa73 the Octopode Fighter began the quest for the Orb.
     0 | D:1      | Reached XP level 1. HP: 16/16 MP: 1/1
   246 | D:1      | Reached XP level 2. HP: 20/21 MP: 2/2
   632 | D:1      | Identified a scroll of acquirement
   632 | D:1      | Acquired the ring of Divine Compulsion {AC+4 Str+4}
   661 | D:1      | Reached XP level 3. HP: 26/26 MP: 3/3
  1276 | D:2      | Reached XP level 4. HP: 26/31 MP: 4/4
  1452 | D:2      | Found a faded altar of an unknown god.
  1580 | D:3      | Reached skill level 3 in Axes
  1623 | D:3      | You fall into a shaft and drop 2 floors!
  1623 | D:5      | Entered Level 5 of the Dungeon
  1623 | D:5      | Noticed a scorpion
  1632 | D:5      | Killed a scorpion
  1633 | D:5      | Reached skill level 1 in Stealth
  1633 | D:5      | Reached XP level 5. HP: 19/36 MP: 5/5
  2003 | D:5      | Reached skill level 4 in Axes
  2003 | D:5      | Reached XP level 6. HP: 40/43 MP: 6/6
  2113 | D:3      | Noticed Robin
  2133 | D:3      | Killed Robin
  2953 | D:3      | Found a blossoming altar of Fedhas.
  3092 | D:4      | Noticed Blork the orc
  3101 | D:4      | Killed Blork the orc
  3102 | D:4      | Reached skill level 5 in Axes
  3102 | D:4      | Reached XP level 7. HP: 48/48 MP: 7/7
  3219 | D:4      | Found a runed translucent gate.
  3219 | D:4      | Found a runed translucent gate.
  3219 | D:4      | Found a runed translucent gate.
  3220 | D:4      | Noticed KARABOGA's ghost (amateur TrMo)
  3793 | D:5      | Noticed Prince Ribbit
  3812 | D:5      | Slain by Prince Ribbit

Illustrated notes

Levels and vault maps discovered:
D:1:      dpeg_arrival_water_fire, layout_rooms, minmay_misc_feat_room,
          minmay_shallow_snake_nest
D:2:      layout_rooms, basic_ecumenical_altar, kennysheep_generic_room_15
D:3:      minmay_angry_zag, layout_loops_ring, mainiacjoe_overflow_catwalk,
          uniq_robin
D:4:      layout_basic, gammafunk_ghost_necromancy, uniq_blork_the_orc
D:5:      layout_cave_pods, uniq_ijyb, uniq_prince_ribbit1

Skill      XL: |  1  2  3  4  5  6 |
---------------+-------------------+-----
Axes           | 3 4 5 |  5.6
Stealth        | 1 2 |  2.8
Dodging        | 4 |  4.3
Shields        | 4 |  4.3
Fighting       | 4 |  4.2

Action                   |  1- 3 |  4- 6 |  7- 9 || total
-------------------------+-------+-------+-------++-------
Melee: War axe           |    65 |    76 |    26 ||   167
       Constrict         |    17 |    20 |     6 ||    43
       Tentacles         |     9 |    15 |     4 ||    28
  Use: Scroll            |     6 |     5 |     5 ||    16
 Stab: Sleeping          |     1 |    10 |     2 ||    13
Armor: Skin              |    28 |    11 |     5 ||    44
Dodge: Dodged            |    67 |    45 |    17 ||   129
Block: Buckler           |    28 |     8 |     6 ||    42

Table legend: (Time is in decaauts)
 A = Elapsed time spent in this place.
 B = Non-inter-level travel time spent in this place.
 C = Inter-level travel time spent in this place.
 D = Time resting spent in this place.
 E = Time spent auto-exploring this place.
 F = Levels seen in this place.
 G = Mean time per level.
                   A        B        C        D        E       F      G
               +--------+--------+--------+--------+--------+-----+--------+
         Total |   3866 |   3774 |     92 |      4 |   2847 |   5 |  773.2 |
       Dungeon |   3866 |   3774 |     92 |      4 |   2847 |   5 |  773.2 |
               +--------+--------+--------+--------+--------+-----+--------+

Top non-repeatable levels by time:
     D:3: 1011 daAuts
     D:1: 901 daAuts
     D:4: 844 daAuts
     D:2: 664 daAuts
     D:5: 444 daAuts
